 Dungeon Crawl Stone Soup version 0.26.1-11-gd32895ea62 (webtiles) character file.

Game seed: 3693945481064014787

2606 promet the Covert (level 9, -8/62 HPs)
             Began as an Octopode Brigand on June 19, 2021.
             Was a Follower of Dithmenos.
             Mangled by a five-headed hydra (12 damage)
             ... on level 7 of the Dungeon on June 21, 2021.
             The game lasted 00:52:42 (9721 turns).

promet the Covert (Octopode Brigand)                Turns: 9721, Time: 00:52:42

Health: -8/62      AC:  1    Str: 12    XL:     9   Next: 59%
Magic:  8/8        EV: 15    Int: 19    God:    Dithmenos [*.....]
Gold:   410        SH:  0    Dex: 17    Spells: 8/8 levels left

rFire    . . .     SeeInvis .   a - +0 rapier
rCold    . . .     Faith    .   (no shield)
rNeg     . . .     Spirit   .   (helmet restricted)
rPois    .         Reflect  .   (no amulet)
rElec    .         Harm     .   s - ring of willpower
rCorr    .         Rampage  .   e - +6 ring of intelligence
Will     +....                  (no ring)
Stlth    +++++++...             (no ring)
HPRegen  0.20/turn              (no ring)
MPRegen  0.11/turn              (no ring)
                                (no ring)
                                (no ring)

@: wreathed by umbra
A: almost no armour, stealthy swim, amphibious, 8 rings, constrict 8, camouflage
1, agile 1, low mp 1, gelatinous body 1, MP-powered wands
a: Renounce Religion


You were on level 7 of the Dungeon.
You worshipped Dithmenos.
Dithmenos was aware of your devotion.
You visited 2 branches of the dungeon, and saw 8 of its levels.

You collected 482 gold pieces.
You spent 72 gold pieces at shops.

Inventory:

Hand Weapons
 a - a +0 rapier (weapon)
 b - a +0 fustibalus
 n - a +1 spear of venom
 o - a +0 falchion
 v - a +0 hand axe of flaming
 w - a +2 dagger
 B - a +0 hunting sling
Missiles
 c - a curare-tipped dart
 d - 70 bolts
 f - 260 stones (quivered)
 k - 132 arrows
 r - 23 poisoned darts
 t - 13 sling bullets
 u - 5 boomerangs
Armour
 p - a +0 tower shield
Jewellery
 e - a +6 ring of intelligence (right tentacle)
 s - a ring of willpower (left tentacle)
 y - an uncursed amulet of guardian spirit
Wands
 h - a wand of disintegration (15)
 m - a wand of digging (11)
 q - a wand of iceblast (9)
Scrolls
 g - a scroll of enchant armour
 i - a scroll of identify
 l - 2 scrolls of amnesia
 x - a scroll of remove curse
 A - a scroll of teleportation
Potions
 j - 2 potions of lignification
 z - a potion of brilliance
 C - 2 potions of might {unknown}


   Skills:
 * Level 5.8 Fighting
 + Level 4.9 Short Blades
 + Level 1.1 Axes
 + Level 1.6(4.3) Slings
 + Level 6.4(6.5) Throwing
 + Level 3.6 Dodging
 + Level 11.1 Stealth
 + Level 1.6 Shields


You had 8 spell levels left.
You didn't know any spells.
Your spell library contained the following spells:

 Spells                   Type           Power        Failure   Level
 Blink                    Tloc           N/A          30%         2
 Iskenderun's Mystic Bla  Conj/Tloc      0%           90%         4
 Malign Gateway           Summ/Tloc      0%           100%        7


Dungeon Overview and Level Annotations

Branches:
Dungeon (7/15)             Temple (1/1) D:4

Altars:
Ashenzari
Dithmenos
Elyvilon
Fedhas
Gozag
Hepliaklqana
Kikubaaqudgha
Makhleb
Nemelex Xobeh
Okawaru
Qazlal
Ru
Sif Muna
Trog
Uskayaw
Vehumet
Wu Jian
Yredelemnul
Zin
The Shining One

Shops:
D:4 =:*[=


Innate Abilities, Weirdness & Mutations

You cannot wear most types of armour.
You are very stealthy in the water. (Stealth+)
You are amphibious.
You can wear up to eight rings at the same time.
You can use your tentacles to constrict eight enemies at once.
Your skin changes colour to match your surroundings (Stealth+).
Your rubbery body absorbs attacks. (AC +1, EV +1)
You are agile. (Dex +2)
Your magical capacity is low. (-10% MP)
You expend magic power (3 MP) to strengthen your wands.


Message History

The five-headed hydra is severely wounded.
The five-headed hydra bites you!
The five-headed hydra barely misses you.
The five-headed hydra misses you. The five-headed hydra bites you!
The five-headed hydra misses you.
The troll shouts!
The yak bellows!
You hit the five-headed hydra.
The five-headed hydra is severely wounded.
The five-headed hydra closely misses you.
The five-headed hydra bites you but does no damage.
The five-headed hydra bites you!
* * * LOW HITPOINT WARNING * * *
The five-headed hydra misses you. The five-headed hydra bites you.
* * * LOW HITPOINT WARNING * * *
You barely miss the five-headed hydra.
The five-headed hydra is severely wounded.
The five-headed hydra bites you!
* * * LOW HITPOINT WARNING * * *
The five-headed hydra bites you!
You die...

#.'##..##).#'...#.#[..'..
#.###..##..###.#.#.#.##.#
#.#..##..##.#..##†##..#..
#.#.. #..# .#.#.....#.#..
#.## ..##..##...#.#...#..
##.##### ########+#####..
##..#.. #..#..#.#.#.#
#...#.#######
##.#..#...#..
##..#.#..(@.#
#.....#...#.. #..#.#.###D#
###.....###.# #..'.'.# .#
+.........'.. +..#[#.# Y#
######..###.. #..#†#... .#
#.........#.. ##.#.#######
##....#..##.. ..#..
#..#..#...#.#
...#####+#########'#####.#
.........................#


You could see a five-headed hydra and a yak.

Vanquished Creatures
  A troll (D:7)
  A soldier ant (D:7)
  2 water moccasins (D:5)
  3 sky beasts
  A black bear (D:6)
  An ice beast (D:4)
  An ogre (D:4)
  2 phantoms
  A centaur (D:5)
  A gnoll sergeant (D:7)
  4 bullfrogs
  A water moccasin zombie (D:7)
  A scorpion (D:4)
  4 killer bees (D:6)
  A centaur zombie (D:7)
  An orc priest (D:5)
  7 orc wizards
  An iguana (D:6)
  7 worker ants
  A gnoll (D:3)
  3 adders
  A howler monkey skeleton (D:4)
  An ufetubus (D:5)
  2 oozes (D:5)
  2 adder skeletons (D:5)
  5 worms
  3 dart slugs
  3 leopard geckos
  24 orcs
  2 ball pythons
  3 goblins
  10 hobgoblins
  5 jackals
  4 quokkas
  4 bats
  6 frilled lizards
  A jackal zombie (D:4)
  10 kobolds
  A quokka skeleton (D:7)
  10 rats
142 creatures vanquished.

Vanquished Creatures (others)
  An orc wizard (D:5)
1 creature vanquished.

Grand Total: 143 creatures vanquished

Notes
Turn   | Place    | Note
-------+----------+-------------------------------------------
     0 | D:1      | promet the Octopode Brigand began the quest for the Orb.
     0 | D:1      | Reached XP level 1. HP: 14/14 MP: 1/1
   381 | D:1      | Reached XP level 2. HP: 19/19 MP: 2/2
   694 | D:1      | Reached skill level 6 in Stealth
   968 | D:1      | Reached XP level 3. HP: 24/24 MP: 3/3
  1404 | D:2      | Found an iron altar of Okawaru.
  2115 | D:3      | Reached XP level 4. HP: 12/30 MP: 4/4
  2320 | D:3      | Found a broken altar of Ashenzari.
  2577 | D:3      | Gained mutation: You are agile. (Dex +2) [potion of
                  | mutation]
  2577 | D:3      | Gained mutation: Your magical capacity is low. (-10% MP)
                  | [potion of mutation]
  2577 | D:3      | Gained mutation: You expend magic power (3 MP) to
                  | strengthen your wands. [potion of mutation]
  2973 | D:3      | Reached XP level 5. HP: 35/35 MP: 4/4
  3125 | D:3      | Reached skill level 7 in Stealth
  3397 | D:4      | Noticed an ogre
  3398 | D:4      | Killed an ogre
  3399 | D:4      | Reached XP level 6. HP: 42/42 MP: 5/5
  3484 | D:4      | Found Taaphed's Jewellery Boutique.
  3600 | D:4      | Found a white marble altar of Elyvilon.
  3670 | D:4      | Found Uxajoila's Antique Armour Boutique.
  3675 | D:4      | Found Leorul's Assorted Antiques.
  3683 | D:4      | Bought a potion of curing for 72 gold pieces
  3689 | D:4      | Found a staircase to the Ecumenical Temple.
  3700 | Temple   | Entered the Ecumenical Temple
  3862 | Temple   | Became a worshipper of Dithmenos the Shadowed
  4052 | D:4      | Found an opulent altar of Gozag.
  4381 | D:4      | Noticed an ice beast
  4388 | D:4      | Killed an ice beast
  4600 | D:4      | Found Yziyllo's Jewellery Emporium.
  4864 | D:4      | Found Past's Book Shoppe.
  4870 | D:4      | Reached XP level 7. HP: 46/46 MP: 6/6
  4898 | D:5      | Entered Level 5 of the Dungeon
  5526 | D:5      | Reached skill level 8 in Stealth
  6102 | D:5      | Reached skill level 5 in Throwing
  6102 | D:5      | Reached skill level 1 in Shields
  6102 | D:5      | Reached XP level 8. HP: 48/54 MP: 7/7
  6516 | D:5      | Identified the Reference Book on Orientation
  7252 | D:5      | Found an opulent altar of Gozag.
  7693 | D:6      | Reached skill level 9 in Stealth
  8250 | D:6      | Reached skill level 5 in Fighting
  8352 | D:6      | Reached * piety under Dithmenos
  8353 | D:6      | Reached skill level 1 in Axes
  8473 | D:6      | Reached skill level 10 in Stealth
  8473 | D:6      | Reached XP level 9. HP: 51/61 MP: 8/8
  8844 | D:6      | Found a hazy altar of Hepliaklqana.
  9641 | D:7      | Reached skill level 1 in Slings
  9694 | D:7      | Noticed a troll
  9697 | D:7      | Killed a troll
  9700 | D:7      | Reached skill level 11 in Stealth
  9716 | D:7      | Noticed a five-headed hydra
  9718 | D:7      | Noticed a troll
  9721 | D:7      | Mangled by a five-headed hydra

Illustrated notes

Levels and vault maps discovered:
D:1:      minmay_arrival_floating_metal, layout_rooms,
          chequers_serial_rivers_micro_d, chequers_arboretum
D:2:      layout_rooms, nicolae_overflow_hidden_temple
D:3:      layout_loops_cross, old_standard_altar, kennysheep_doodads
D:4:      layout_basic, elyvilon_altar_1, minmay_temple_entry_wispy,
          serial_shops, nicolae_shop_behind_doors, nicolae_shop_behind_doors,
          kennysheep_little_box, shop_coins, shop_fountains, enter_ossuary_3,
          minmay_door_square, grunt_gozag_breadcrumbs
D:5:      layout_basic, marbit_many_paths
D:6:      layout_basic, nzn_hepliaklqana_mist_gate
D:7:      layout_gridville, kennysheep_crisscross, minmay_the_grid_2x2
          [minmay_the_grid_minigrid_medium, minmay_the_grid_odd_star,
          minmay_the_grid_spikes, minmay_the_grid_prize_shrinking_boxes]
Temple:   regret_index_temple_generic_petals

Skill      XL: |  1  2  3  4  5  6  7  8  9 |
---------------+----------------------------+-----
Stealth        | 6 7 8 10 11 | 11.1
Throwing       | 3 4 5 6 |  6.4
Fighting       | 3 4 5 |  5.8
Short Blades   | 3 4 |  4.9
Dodging        | 2 3 |  3.6
Shields        | 1 |  1.6
Axes           | 1 |  1.1
Slings         | 1 |  1.6

Action                   |  1- 3 |  4- 6 |  7- 9 || total
-------------------------+-------+-------+-------++-------
Melee: Dagger            |    78 |    76 |   124 ||   278
       Constrict         |    21 |    23 |    19 ||    63
       Tentacles         |    11 |    16 |    31 ||    58
       Hand axe          |       |       |    11 ||    11
       Rapier            |       |       |    35 ||    35
 Fire: Hunting sling     |       |       |     8 ||     8
       Fustibalus        |       |       |     1 ||     1
Throw: Dart              |    12 |    49 |    48 ||   109
       Stone             |       |     2 |     5 ||     7
  Use: Scroll            |     8 |     2 |     7 ||    17
       Potion            |     2 |     5 |     4 ||    11
 Stab: Sleeping          |    10 |     7 |    27 ||    44
       Distracted        |       |     1 |       ||     1
Armor: Skin              |     6 |     3 |    18 ||    27
Dodge: Dodged            |    28 |    29 |    73 ||   130
Block: Tower shield      |       |     1 |    26 ||    27
